[Event "ESP-ch Teams Honor 2024"]
[Site "Melilla"]
[Date "2024.10.15"]
[Round "4.1"]
[White "Puranik, Abhimanyu"]
[Black "Fedoseev, Vladimir"]
[Result "0-1"]
[ECO "B15"]
[WhiteElo "2639"]
[BlackElo "2698"]
[Annotator "TA"]
[PlyCount "80"]
[EventDate "2024.10.11"]
[EventType "team-tourn"]
[EventCountry "ESP"]
[SourceTitle "playchess.com"]
[Source "ChessBase"]
[SourceQuality "1"]
[WhiteTeam "Sestao"]
[BlackTeam "Costa Calida"]
[TimeControl "5400+30"]

1. e4 c6 2. d4 d5 3. Nc3 dxe4 4. Nxe4 Nf6 5. Nxf6+ exf6 6. c3 Bd6 7. Bd3 O-O 8. Qc2 Re8+ 9. Ne2 h6 10. O-O Nd7 11. Ng3 Nb6 12. Bd2 Be6 {[%emt 0:02:15] The position is equal.} 13. Rfe1 a5 14. Re4 Bf8 15. f4 (15. c4 $1 $14) 15... c5 16. f5 Bd7 17. Rg4 Kh8 18. Kh1 Bc6 19. dxc5 {[%emt 0:04:34] [#]} Qd5 20. Bxh6 $16 {[%emt 0:04:40][%cal Og3e4] Ne4! is the strong threat.} (20. cxb6 $2 Qxg2#) 20... Qxc5 21. Bf4 {[%emt 0:02:18] Strongly threatening Ne4.} Rad8 22. h3 ({White should try} 22. Be4 $16 Kg8 23. Bxc6 bxc6 24. Nh5) 22... Nc4 ({Black should play} 22... Nd5 $11 23. Be4 Nxf4 24. Rxf4 Bd6 25. Bxc6 Bxf4 26. Bxe8 Rxe8) 23. Be4 $14 {[%emt 0:06:04] Threatens to win with Qe2.} Ne5 ({Much weaker is} 23... Bxe4 $6 24. Rh4+ Kg8 25. Nxe4 $16) 24. Rh4+ Kg8 25. Bxc6 (25. Kh2 $14) 25... Qxc6 $11 26. Bxe5 Rxe5 27. Rd1 Rde8 {[%emt 0:01:15][%mdl 1024] Black has compensation.} 28. Rhd4 (28. Qd2 $15 {feels stronger.}) 28... Re3 (28... Bc5 $17 29. R4d3 Re1+ 30. Kh2 Bg1+ 31. Kh1 Bb6+ 32. Kh2 Bc7 33. Rxe1 Rxe1) 29. Qf2 (29. R4d3 $1 $11) 29... Bc5 $36 {[%emt 0:02:19][%mdl 2048] Black has strong initiative. Black is more active.} 30. Rd8 {[%emt 0:00:26][%mdl 8192] [#] This costs White the game.} (30. Rc4 $17 {nothing else works.}) 30... Rd3 $3 $19 {[%emt 0:02:03][%mdl 512] Black is clearly winning.} 31. Rxe8+ Qxe8 32. Qxc5 (32. Re1 $142 Rd1 (32... Bxf2 33. Rxe8+ Kh7 34. Ne4 $16) 33. Qxc5 Rxe1+ (33... Qxe1+ $2 34. Kh2 $19) 34. Kh2) 32... Rxd1+ {[%emt 0:00:06][%mdl 4096] Endgame. KQR-KQN} 33. Kh2 Rd2 34. b4 a4 35. b5 Qe5 36. Qc8+ Kh7 {[%emt 0:00:05] ( -> ...Qd5)} 37. Qc4 Qd5 38. Qh4+ Kg8 39. Ne4 Qe5+ 40. Ng3 a3 {[%emt 0:01:33] Weighted Error Value: White=0.87/Black=0.18 (very precise) .  Loses game:     	White=1     	---        Mistake:       	White=6     	Black=3      Inaccurate:     	White=2     	---        OK:         	White=6     	Black=5      Best:        	White=2     	Black=2      Brilliant:      	---       	Black=1} (40... Rxa2 $142 41. Qg4 Ra3 (41... Qxc3 $2 42. Qf4 $19) (41... Qxb5 $2 42. h4 $19)) 0-1

[Event "ESP-ch Teams Honor 2024"]
[Site "Melilla"]
[Date "2024.10.15"]
[Round "4.2"]
[White "Deac, Bogdan-Daniel"]
[Black "Svane, Frederik"]
[Result "1/2-1/2"]
[ECO "E54"]
[WhiteElo "2691"]
[BlackElo "2655"]
[Annotator "TA"]
[PlyCount "64"]
[EventDate "2024.10.11"]
[EventType "team-tourn"]
[EventCountry "ESP"]
[SourceTitle "playchess.com"]
[Source "ChessBase"]
[SourceQuality "1"]
[WhiteTeam "Costa Calida"]
[BlackTeam "Sestao"]
[TimeControl "5400+30"]

1. d4 Nf6 2. c4 e6 3. Nc3 Bb4 4. e3 d5 5. Nf3 O-O 6. Bd3 dxc4 7. Bxc4 c5 8. O-O Nc6 9. a3 Ba5 10. Qd3 a6 11. dxc5 {[%emt 0:00:34] With the idea b4.} (11. Ne4 {is more complex.} b5 12. Nxf6+ Qxf6 13. Qe4) 11... Qxd3 12. Bxd3 {[%emt 0:00:02] next b4 is good for White.} Bxc3 13. bxc3 Na5 14. Nd2 Bd7 15. a4 Bc6 16. c4 Rfd8 17. Bc2 Rac8 18. f3 Be8 19. Rd1 Rxc5 20. Ba3 Rc7 21. Rac1 Rdc8 22. c5 {[%emt 0:02:24] [#]} b6 23. Bd3 bxc5 24. Bxa6 {[%emt 0:00:11] This pair of bishops is nice.} Bxa4 25. Bxc8 {[%emt 0:00:03] Ba6 is the strong threat.} Bxd1 26. Rxc5 Rxc5 27. Bxc5 Nb3 28. Nxb3 Bxb3 29. e4 Bc4 30. Kf2 Bb5 {[%emt 0:00:15] The position is equal.} 31. Ke3 Nd7 32. Bxd7 Bxd7 {[%emt 0:00:05] Weighted Error Value: White=0.07 (flawless) /Black=0.08 (flawless) .  Mistake:       	---       	Black=1      OK:         	White=6     	Black=10     Best:        	White=1     	Black=2} 1/2-1/2

[Event "ESP-ch Teams Honor 2024"]
[Site "Melilla"]
[Date "2024.10.15"]
[Round "4.3"]
[White "Suarez Garcia, Carlos"]
[Black "Ibarra Jerez, Jose Carlos"]
[Result "1/2-1/2"]
[ECO "A20"]
[WhiteElo "2441"]
[BlackElo "2559"]
[Annotator "RC"]
[PlyCount "55"]
[EventDate "2024.10.11"]
[EventType "team-tourn"]
[EventCountry "ESP"]
[SourceTitle "playchess.com"]
[Source "ChessBase"]
[SourceQuality "1"]
[WhiteTeam "Sestao"]
[BlackTeam "Costa Calida"]
[TimeControl "5400+30"]

1. c4 e5 2. g3 Nf6 3. Bg2 h6 4. Nf3 e4 5. Nd4 d5 6. cxd5 Qxd5 7. e3 Qe5 8. f4 exf3 9. Nxf3 Qh5 10. Nc3 Nc6 11. O-O Bh3 12. d4 Bxg2 13. Kxg2 O-O-O 14. Bd2 Bb4 15. Nh4 Qxd1 16. Raxd1 Na5 17. Nf5 Ne8 18. Ne4 Bxd2 19. Rxd2 f6 20. Ne7+ Kb8 21. Rc2 Rd7 22. Ng6 Rg8 23. Nc5 Rd6 24. Ne7 Rh8 25. Ng6 Rg8 26. Ne7 Rh8 27. Ng6 Rg8 28. Ne7 1/2-1/2

[Event "ESP-ch Teams Honor 2024"]
[Site "Melilla"]
[Date "2024.10.15"]
[Round "4.4"]
[White "Muzychuk, Anna"]
[Black "Del Rio De Angelis, Salvador G."]
[Result "1/2-1/2"]
[ECO "B01"]
[WhiteElo "2524"]
[BlackElo "2387"]
[Annotator "TA"]
[PlyCount "69"]
[EventDate "2024.10.11"]
[EventType "team-tourn"]
[EventCountry "ESP"]
[SourceTitle "playchess.com"]
[Source "ChessBase"]
[SourceQuality "1"]
[WhiteTeam "Costa Calida"]
[BlackTeam "SESTAO HOTEL NAVAL"]
[TimeControl "5400+30"]

1. e4 d5 2. exd5 Qxd5 3. Nc3 Qa5 4. d4 Nf6 5. Nf3 c6 6. Bc4 Bf5 7. Ne5 e6 8. g4 Bg6 9. h4 Nbd7 10. Nxd7 Nxd7 11. h5 Be4 12. O-O Bd5 13. Nxd5 cxd5 14. Bd3 g6 15. h6 Bd6 16. f4 O-O 17. a4 Nf6 18. Qe2 Qb6 19. c3 Qc6 20. Re1 Qc7 21. Qf3 Rae8 22. Kg2 Ne4 23. Be3 f5 {[%emt 0:01:51][%cal Og6g5] [#] And now ...g5! would win.} 24. g5 $1 a6 25. Rec1 b5 26. axb5 axb5 27. Qf1 Rb8 28. Ra6 Rb6 29. Rca1 Rfb8 30. R1a5 Rxa6 31. Rxa6 Qd7 {[%emt 0:00:14] [#]} 32. Qa1 (32. Ra5 $1 $16) 32... Bf8 33. Ra7 Qc6 34. Ra6 {[%emt 0:00:53] White has more active pieces.} Qd7 35. Ra7 {[%emt 0:00:25] Weighted Error Value: White=0.09 (flawless) /Black=0.08 (flawless) .  Mistake:       	White=2     	---        Inaccurate:     	White=1     	Black=2      OK:         	White=9     	Black=11     Strong:       	White=1     	---} (35. Qa5 $14) 1/2-1/2

[Event "ESP-ch Teams Honor 2024"]
[Site "Melilla"]
[Date "2024.10.15"]
[Round "4.5"]
[White "Trigo Urquijo, Sergio"]
[Black "Cuenca Jimenez, Jose Fernando"]
[Result "1/2-1/2"]
[ECO "E73"]
[WhiteElo "2384"]
[BlackElo "2480"]
[Annotator "TA"]
[PlyCount "94"]
[EventDate "2024.10.11"]
[EventType "team-tourn"]
[EventCountry "ESP"]
[SourceTitle "playchess.com"]
[Source "ChessBase"]
[SourceQuality "1"]
[WhiteTeam "Sestao"]
[BlackTeam "Costa Calida"]
[TimeControl "5400+30"]

1. d4 Nf6 2. c4 g6 3. Nc3 Bg7 4. e4 d6 5. Be2 O-O 6. Be3 Nc6 7. Nf3 Ng4 8. Bg5 h6 9. Bh4 {[%emt 0:00:53] White has an edge.} g5 10. Bg3 e5 11. dxe5 Ngxe5 12. h4 Be6 13. hxg5 hxg5 14. Qd2 Nxc4 15. Bxc4 Bxc4 16. Nxg5 (16. Qxg5 Qxg5 17. Nxg5 f6 $17) 16... d5 17. Nxd5 (17. exd5 $2 Re8+ $17) (17. b3 $5 d4 18. Na4 $14) 17... Bxd5 18. exd5 (18. Qxd5 {simplifies} Qxd5 19. exd5 Rfe8+ 20. Kf1) 18... Re8+ 19. Kf1 {[%emt 0:00:17][%cal Og5f7] Hoping for Nxf7!} Nd4 20. Rh5 Qxd5 21. Qd3 $36 {[%emt 0:01:35][%cal Oa1d1][%mdl 2048] Prevents Qc4. White fights for an advantage.} (21. Bxc7 $2 {loses.} Qc4+ 22. Kg1 Qxc7 $19) 21... Qf5 22. Qxf5 Nxf5 23. Bxc7 Rac8 24. Bf4 Rc2 25. Nxf7 Bd4 $1 26. Rxf5 Rxf2+ 27. Kg1 {[%emt 0:00:06] [#] Kh2 is the strong threat.} Rxf4+ {[%emt 0:01:56] The position is equal.} 28. Kh2 Be3 (28... Bxb2 29. Nh6+ Kh7 30. Rxf4 $19) ({Not} 28... Bg1+ $2 29. Kxg1 Rxf5 30. Nh6+ Kh8 31. Nxf5 $18) (28... Rxf5 $5 29. Nh6+ $8 Kh7 30. Nxf5 Bxb2 $11) 29. Rf1 Rxf5 30. Rxf5 $11 {[%emt 0:00:06][%mdl 4096] Endgame. KRB-KRN} Rf8 31. Rf3 Bc1 32. Rf1 Bxb2 (32... Bg5 $5 33. Rf5 $8 Bc1 $11) 33. Nh6+ Kg7 34. Rxf8 Kxf8 {[%emt 0:00:01] KB-KN} 35. Nf5 Be5+ 36. Kg1 Kf7 37. Kf1 Ke6 38. Ne3 b5 39. Ke2 Kd6 40. Kd3 Kc5 41. g4 Bf6 42. Nf5 a5 43. Kc2 $1 Bg5 44. Ng3 Kd5 {[%emt 0:00:48] Repels Ne4} 45. Nf5 Bf4 46. Kb3 Kc5 47. a4 bxa4+ {[%emt 0:00:22] An even fight not without its subleties.   Weighted Error Value: White=0.04 (flawless) /Black=0.04 (flawless) .  Inaccurate:     	White=3     	Black=1      OK:         	White=25    	Black=13     Best:        	White=3     	Black=4      Strong:       	White=1     	Black=1} 1/2-1/2

[Event "ESP-ch Teams Honor 2024"]
[Site "Melilla"]
[Date "2024.10.15"]
[Round "4.6"]
[White "Camacho Collados, Marcos"]
[Black "Ambartsumova, Karina"]
[Result "1/2-1/2"]
[ECO "A05"]
[WhiteElo "2453"]
[BlackElo "2402"]
[Annotator "TA"]
[PlyCount "133"]
[EventDate "2024.10.11"]
[EventType "team-tourn"]
[EventCountry "ESP"]
[SourceTitle "playchess.com"]
[Source "ChessBase"]
[SourceQuality "1"]
[WhiteTeam "Costa Calida"]
[BlackTeam "Sestao"]
[TimeControl "5400+30"]

1. Nf3 d5 2. g3 Nf6 3. Bg2 g6 4. O-O Bg7 5. d3 O-O 6. Nbd2 c5 7. e4 dxe4 8. dxe4 Nc6 9. c3 Qc7 10. Qc2 (10. Nc4 $1 $14) 10... h6 {[%emt 0:06:35] A08: Konings-Indisch Aanval.} 11. Re1 {[%emt 0:13:27] Onnauwkeurig} e5 12. b4 {[%emt 0:07:15] OK} a6 $146 ({Predecessor:} 12... Be6 13. bxc5 Nd7 14. Nb3 Na5 15. Nfd2 Rfc8 16. Ba3 Bf8 17. Bb4 Nxb3 18. Nxb3 Bc4 {½-½ Dignam,M (2116)-Cont,A (1954) London Mindsports FM 2022 (8.1)}) 13. bxc5 {[%emt 0:03:56] Beste (Gemakkelijk)} Be6 {[%emt 0:06:02] Stopt Nc4. OK} 14. Ba3 {[%emt 0:18:15] Fout (0.6)} (14. Nb3 $11) {Zwart zou moeten spelen} 14... Nd7 {[%emt 0:02:02] Fout (0.7)} (14... Rfc8 $15) 15. Bf1 $11 {[%emt 0:07:30] OK} Rfc8 {[%emt 0:07:09] Onnauwkeurig} 16. Bc4 Bxc4 {[%emt 0:02:26] Houdt de partij in balans. Fout (1.0)} (16... Nd8 $11) 17. Nxc4 $16 {[%emt 0:00:04][%cal Bd2c4,Bc4e3,Be3d5][%mdl 32] EV=11.85} Na5 {[%emt 0:00:07] OK} 18. Ne3 {[%emt 0:00:46] OK} Nxc5 {[%emt 0:06:12] OK} 19. Nd5 Qd8 {[%emt 0:00:05] OK} 20. Nd2 {[%emt 0:01:55] Afleidend Nc4. Wit is actiever. OK} b5 {[%emt 0:03:05] Onnauwkeurig} 21. Bxc5 {[%emt 0:01:14] OK} Rxc5 22. Nb3 {[%emt 0:00:22] Fout (0.6)} (22. a4 $16) 22... Nxb3 $14 {[%emt 0:03:46] OK} 23. axb3 Qd6 {[%emt 0:04:09] OK} 24. Red1 Qe6 25. Ra5 {[%emt 0:11:01] OK} f5 {[%emt 0:04:44] Fout (1.1)} (25... Bf6 $1 $14) 26. b4 {[%emt 0:03:34] Fout (0.5)} (26. Qa2 $18) 26... Rc6 $16 {[%emt 0:03:18] Beste} 27. exf5 {[%emt 0:04:13] OK} gxf5 {[%emt 0:00:12] [#]} 28. Qxf5 {[%emt 0:00:14][%mdl 512] Briljant} Qxf5 29. Ne7+ {[%emt 0:00:03] Beste (Gemakkelijk)} Kf7 {[%emt 0:06:00] OK} 30. Nxf5 {[%emt 0:00:04] OK} Rxc3 {[%emt 0:02:08] OK} 31. Nxg7 {[%emt 0:06:33] OK} Kxg7 {[%emt 0:00:04][%mdl 4096] Eindspel. KRR-KRR} 32. Rd7+ {[%emt 0:00:11] OK} Kg6 {[%emt 0:01:12] OK} 33. Rd6+ {[%emt 0:00:08] OK} Kg7 {[%emt 0:02:40] OK} 34. Re6 ({Veel minder sterk is} 34. Rdxa6 Rxa6 35. Rxa6 Rc4 $18) 34... Rc4 {[%emt 0:00:28] Onnauwkeurig} 35. Rxe5 {[%emt 0:00:05] Beste (Gemakkelijk)} Rxb4 {[%emt 0:00:27] Beste} 36. h4 {[%emt 0:01:16] Fout (0.9)} (36. Re6 $1 $16) 36... Rb1+ {[%emt 0:02:04] Fout (0.7)} (36... Rb2 $1 $14) 37. Kg2 {[%emt 0:00:01] Beste (Gemakkelijk)} b4 {[%emt 0:00:57] was hoogst noodzakelijk. Fout (0.7)} (37... Ra7 $16) 38. Re6 {[%emt 0:00:41] Fout (0.7)} (38. Re7+ $18 Kf6 39. Rh7) 38... b3 {[%emt 0:00:32] OK} 39. Raxa6 {[%emt 0:00:49] OK} Rxa6 40. Rxa6 {[%emt 0:00:04] KR-KR} Rc1 {[%emt 0:00:28] Dreigt te winnen met ...b2. Onnauwkeurig} 41. Rb6 Rc3 {[%emt 0:00:20] OK} {Wit zou moeten proberen} 42. h5 {[%emt 0:02:29] Fout (0.9)} (42. Rb7+ $16 Kg6 43. Rb6+ Kg7 44. h5) 42... Rd3 $14 {[%emt 0:00:20] OK} 43. f4 Rd2+ $1 {[%emt 0:00:14] Sterk} 44. Kf3 {[%emt 0:00:04] Hoopt vervolgens op Rb7+. OK} b2 {[%emt 0:00:03] OK} 45. g4 Rh2 {[%emt 0:00:49] OK} 46. Ke4 {[%emt 0:00:42] Sterke dreiging met Kf5.} Rc2 {[%emt 0:00:24] OK} {Beter is} 47. Ke5 {[%emt 0:00:26] OK} Rc5+ 48. Kd4 {[%emt 0:00:33] OK} Rc2 {[%emt 0:00:03] OK} {Wit zou moeten spelen} 49. Ke3 Rc3+ 50. Kd4 {[%emt 0:00:32] OK} Rc2 {[%emt 0:00:06] OK} 51. Kd3 {[%emt 0:00:22] Fout (0.6)} (51. Kd5 $14) 51... Rg2 $11 {[%emt 0:00:17] Beste (Gemakkelijk)} 52. Ke4 {[%emt 0:00:08] met als doel voor Kf5.} Rc2 {[%emt 0:00:30] blijft gelijk. Fout (0.9)} (52... Rxg4 $11 53. Rxb2 Rh4) 53. g5 {[%emt 0:00:20] Fout (0.9)} (53. Kd5 $16) 53... hxg5 $1 {[%emt 0:01:20] Sterk} 54. fxg5 {[%emt 0:00:08] Rb7+ is de sterke dreiging.} Rc4+ $2 {[%emt 0:00:51][%mdl 8192] [#] Verliest partij (12.8)} (54... Rc5 $11) {Wit aan zet. Enige zet:} 55. Ke5 $2 {[%emt 0:01:12] Gemiste overwinning (12.8)} (55. Kd5 $1 $18 Rc2 56. Rb7+ Kg8 57. g6) 55... Rc5+ {[%emt 0:00:06] OK} 56. Kf4 Rc4+ {[%emt 0:00:12] Beste (Gemakkelijk)} 57. Kf3 Rc3+ {[%emt 0:00:10] Beste (Gemakkelijk)} 58. Ke4 {[%emt 0:00:35] OK} Rc4+ $2 {[%emt 0:00:05][%mdl 8192] [#] en Zwart heeft geen zorgen. Verliest partij (5.4)} (58... Rc5 $11) 59. Kd3 $2 {[%emt 0:00:29] Gemiste overwinning (5.4)} (59. Kd5 $1 $18 Ra4 60. Rb7+ (60. Rxb2 Ra5+ 61. Ke4 Rxg5 $11) (60. h6+ Kh7 $14) 60... Kg8 61. g6 (61. Rxb2 Ra5+ 62. Kd4 Rxg5 $11)) 59... Rg4 {[%emt 0:02:07] De stelling is in evenwicht.} 60. Rg6+ Kh7 61. Kc2 Rg2+ {[%emt 0:00:11] OK} 62. Kb1 {[%emt 0:00:05] Beste (Gemakkelijk)} Rh2 {[%emt 0:00:19] OK} 63. Rh6+ Kg7 {[%emt 0:00:07] OK} 64. Ka2 Rg2 {[%emt 0:00:12] OK} 65. Rg6+ Kh7 {[%emt 0:00:08] OK} 66. Kb1 Rh2 {[%emt 0:00:08] OK} 67. Rh6+ {[%emt 0:00:58] Blunder waarde: Wit=0.39/Zwart=0.39.  Verliest partij:   	---       	Zwart=2      Gemiste overwinning: 	Wit=2      	---        Fout:        	Wit=8      	Zwart=6      Onnauwkeurig:    	Wit=1      	Zwart=4      OK:         	Wit=17     	Zwart=25     Beste:        	Wit=5      	Zwart=5      Sterk:        	---       	Zwart=2      Briljant:      	Wit=1      	---} 1/2-1/2

[Event "ESP-ch Teams Honor 2024"]
[Site "Melilla"]
[Date "2024.10.15"]
[Round "4.7"]
[White "Anton Guijarro, David"]
[Black "Aravindh, Chithambaram VR."]
[Result "1/2-1/2"]
[ECO "B31"]
[WhiteElo "2667"]
[BlackElo "2698"]
[Annotator "TA"]
[PlyCount "70"]
[EventDate "2024.10.11"]
[EventType "team-tourn"]
[EventCountry "ESP"]
[SourceTitle "playchess.com"]
[Source "ChessBase"]
[SourceQuality "1"]
[WhiteTeam "Casablanca"]
[BlackTeam "Solvay"]
[TimeControl "5400+30"]

1. e4 c5 2. Nf3 Nc6 3. Bb5 g6 4. Bxc6 bxc6 5. O-O Bg7 6. Re1 Qc7 7. c3 d6 8. h3 Nf6 9. d4 cxd4 10. cxd4 O-O 11. Nc3 c5 12. e5 dxe5 13. dxe5 Rd8 14. Qc2 Nd5 15. Nxd5 Rxd5 16. Be3 Bb7 17. b4 Qc6 18. Rac1 Rc8 ({Reject} 18... Rxe5 19. b5 Qe4 (19... Qxb5 $2 {perishes.} 20. Nxe5 Bxe5 21. Qxc5 $18) 20. Qxe4 Rxe4 21. Rxc5 $14) 19. Bxc5 Rxe5 $1 20. Qb3 {[%emt 0:03:45] [#] aiming for Be3.} Rxe1+ 21. Rxe1 e6 22. Bxa7 Qd7 {[%emt 0:00:12] ...Bxf3 would now be deadly.} 23. Bc5 Ra8 24. a3 Bd5 {[%emt 0:00:10] A strong pair of Bishops.} 25. Qd3 Qa4 26. Rb1 h6 27. Nd4 ({Wrong is} 27. b5 $2 Be4 28. Qf1 Bxb1 29. Qxb1 Ra5 $19) 27... Qxa3 28. Qxa3 Rxa3 29. Nc2 Rc3 30. Ne3 Bc6 31. Rd1 Ba4 (31... g5 $15 {deserves consideration.}) 32. Rd8+ $11 {[%emt 0:04:27] The position is equal.} Kh7 33. f4 $1 Bf6 34. Ra8 Bc6 35. Rf8 Kg7 {[%emt 0:04:48] Weighted Error Value: White=0.04 (flawless) /Black=0.03 (flawless) .  Mistake:       	---       	Black=1      OK:         	White=16    	Black=15     Best:        	---       	Black=3      Strong:       	White=1     	Black=1} 1/2-1/2

[Event "ESP-ch Teams Honor 2024"]
[Site "Melilla"]
[Date "2024.10.15"]
[Round "4.8"]
[White "Ivanchuk, Vasyl"]
[Black "Vallejo Pons, Francisco"]
[Result "1-0"]
[ECO "B33"]
[WhiteElo "2632"]
[BlackElo "2653"]
[Annotator "TA"]
[PlyCount "77"]
[EventDate "2024.10.11"]
[EventType "team-tourn"]
[EventCountry "ESP"]
[SourceTitle "playchess.com"]
[Source "ChessBase"]
[SourceQuality "1"]
[WhiteTeam "Solvay"]
[BlackTeam "Casablanca"]
[TimeControl "5400+30"]

1. e4 c5 2. Nf3 e6 3. d4 cxd4 4. Nxd4 Nc6 5. Nc3 Bc5 6. Ndb5 Nf6 7. Bf4 {[%emt 0:00:08] Nc7+ is the strong threat.} O-O 8. Bc7 Qe7 {[%emt 0:00:18] Strongly threatening ...d5.} 9. Bd6 $1 Bxd6 {[%emt 0:00:07] White is slightly better.} 10. Qxd6 Qd8 11. O-O-O a6 12. Nd4 Ne7 13. Qg3 b5 14. e5 Nfd5 15. Ne4 Bb7 16. Bd3 Qc7 17. Rhe1 Nc6 18. Nxc6 (18. Nf3 {seems wilder.} Ncb4 19. a3 Nxd3+ 20. Rxd3 b4 21. Nd4) 18... Bxc6 19. f4 {[%emt 0:00:02] Hoping for Nf6+.} f6 20. Kb1 (20. f5 {simplifies} exf5 21. Nd6 fxe5 22. Qxe5 Rf6 23. Nxf5 Qxe5 24. Rxe5 Nf4 25. g3) 20... Kh8 21. Nd6 (21. exf6 {simplifies} Nxf6 22. Qh4 h6 23. Nxf6 Rxf6 24. g3) 21... fxe5 22. fxe5 $40 {[%emt 0:00:01][%mdl 128] Threatens to win with Rf1. White wants a kill.} Nb4 $2 {[%emt 0:02:34][%mdl 8192] [#] Loses the game.} (22... Nf4 $16 {is tougher.}) 23. Bxh7 $1 $18 Kxh7 24. Rd4 (24. Qh4+ Kg8 25. Re3 (25. Qxb4 Rf2 $11) 25... Bxg2 26. Qxb4 Rf3 27. Rxf3 Bxf3 $16) 24... Be4 25. Qh4+ (25. Rdxe4 $2 Qxc2+ 26. Ka1 Nd3 $19) 25... Kg8 26. Qxe4 Nd5 27. Qd3 {[%emt 0:04:51] aiming for Rh4.} Ne7 28. Rh4 Nf5 29. Rh5 g6 {[%emt 0:00:57] [#]} (29... Qc6 $142 30. Ne4 Qc7) 30. Nxf5 $2 Rxf5 31. g4 Qc4 32. Qxc4 (32. Rxf5 Qxd3 33. cxd3 exf5 $16) 32... bxc4 33. gxf5 gxh5 {[%emt 0:00:02][%mdl 4096] Endgame. KR-KR} 34. Rg1+ Kh7 $2 (34... Kf8 35. fxe6 Ke7) 35. f6 {[%emt 0:00:32] White is clearly winning.} Rc8 36. c3 (36. Rg7+ Kh6 37. Rg1 (37. Rxd7 Rc5 $18) 37... c3 $18) 36... Rc5 37. Rg7+ (37. f7 Rc8 $11) 37... Kh6 {[%emt 0:00:03] [#]} (37... Kh8 $142 38. Rg5 (38. Rxd7 Kg8 $18) 38... h4) 38. Rg8 $1 {[%emt 0:00:23] f7 would kill now.} ({Less strong is} 38. Rxd7 Rxe5 39. a4 Kg6 $16) 38... Rxe5 39. f7 {[%emt 0:00:04] Weighted Error Value: White=0.31/Black=0.46.  Loses game:     	---       	Black=1      Mistake:       	White=1     	Black=3      Inaccurate:     	White=4     	Black=4      OK:         	White=13    	Black=8      Best:        	White=4     	Black=4      Strong:       	White=2     	---        Brilliant:      	White=1     	---} 1-0

[Event "ESP-ch Teams Honor 2024"]
[Site "Melilla"]
[Date "2024.10.15"]
[Round "4.9"]
[White "Salgado Lopez, Ivan"]
[Black "Henderson de La Fuente, Lance"]
[Result "1-0"]
[ECO "B47"]
[WhiteElo "2609"]
[BlackElo "2525"]
[Annotator "TA"]
[PlyCount "133"]
[EventDate "2024.10.11"]
[EventType "team-tourn"]
[EventCountry "ESP"]
[SourceTitle "playchess.com"]
[Source "ChessBase"]
[SourceQuality "1"]
[WhiteTeam "Casablanca"]
[BlackTeam "Solvay"]
[TimeControl "5400+30"]

1. e4 c5 2. Nf3 e6 3. d4 cxd4 4. Nxd4 Nc6 5. Nc3 Qc7 6. Ncb5 {[%emt 0:00:51] B47: Sicilian: Taimanov: 5 Nc3 Qc7 6 f4, 6 g3 and 6 Be2.} Qb8 7. Bd3 a6 8. Nxc6 bxc6 9. Nd4 e5 10. Nf3 $146 ({Predecessor:} 10. Ne2 Bc5 11. O-O Ne7 12. Kh1 Ng6 13. f4 exf4 14. Nxf4 Ne5 15. Nh5 O-O 16. Qe1 {1-0 Lobanov,S (2536)-Sankalp,G (2502) Yerevan op-A 4th 2022 (8)}) 10... Nf6 11. O-O Bc5 12. Bg5 Be7 13. Rb1 h6 14. Bh4 d6 15. c4 c5 16. Nd2 Nh7 17. Bg3 Nf8 18. f4 exf4 19. Rxf4 Be6 20. Nf1 Ng6 21. Rf2 h5 22. h3 h4 (22... Bf6 $5) 23. Bh2 Bf6 24. e5 Nxe5 25. Be4 Ra7 26. Ne3 Bg5 (26... Bxc4 $2 {loses.} 27. Nxc4 Nxc4 28. Rxf6 (28. Qa4+ Kd8 $18) 28... gxf6 29. Qa4+ Kf8 30. Qxc4 $18) (26... Qd8 $11) 27. Nf5 $14 Bxf5 $1 28. Rxf5 Be3+ 29. Kh1 g6 $1 30. Rf1 O-O 31. Bd5 Re7 32. Qa4 (32. b4 $14 cxb4 33. Qe1) 32... Qb6 $11 33. b4 cxb4 34. Rxb4 Qc5 35. Rb3 Kg7 36. Qxa6 Bd4 37. Rb7 Rxb7 38. Qxb7 Qa7 39. Qxa7 Bxa7 40. a4 f5 (40... Bc5 $14) 41. a5 $16 Rc8 42. Rb1 Kf6 43. Rb7 Be3 (43... Bd4 $16) 44. Bxe5+ $1 $18 ({Not} 44. a6 Nxc4 45. Bg1 Ke5 $14) 44... Kxe5 (44... dxe5 {might work better.} 45. a6 Kg5) 45. a6 Kf4 {[%emt 0:00:18] [#]} 46. Re7 $1 Rb8 $2 {[%emt 0:01:04] [#]} (46... Bf2 47. a7 Bxa7) 47. Rxe3 $1 $18 Rb1+ 48. Kh2 Kxe3 49. a7 Ra1 50. a8=Q ({And not} 50. a8=B Kf4 $11) 50... Rxa8 51. Bxa8 Kf2 52. Bd5 g5 53. Be6 f4 54. Bd5 Kf1 55. Bc6 Kf2 56. Bb5 f3 57. Bc6 fxg2 58. Bxg2 Ke3 59. Kg1 Ke2 $2 (59... Kd4 $18 60. Bd5 Ke3) 60. Bd5 Ke3 61. Kf1 Kf4 62. Kf2 g4 63. hxg4 Kxg4 64. Ke3 Kf5 65. Bg2 Ke5 66. Kd3 h3 67. Bxh3 1-0